[Event "Team 45 45 League T46"]
[Site "Internet Chess Club"]
[Date "2010.08.23"]
[Round "3"]
[White "LeanSixSigma"]
[Black "seattleblues"]
[Result "1-0"]
[WhiteElo "1533"]
[BlackElo "1261"]
[Opening "QGD"]
[ECO "D30"]
[Time "22:00:13"]
[TimeControl "2700+45"]

1. d4 d5 2. c4 e6 3. Nf3 Nf6 4. Bg5 Be7 5. e3 O-O 6. Bd3 h6 7. Bh4 Nbd7 8. Ne5
Re8 9. O-O Ne4 10. Bxe7 Qxe7 11. Nxd7 Bxd7 12. Bxe4 dxe4 13. Nd2 Bc6 14. f3 exf3
15. Nxf3 Be4 16. Ne5 Rf8 17. Rf2 f6 18. Ng4 Qf7 19. Rxf6 Qxf6 20. Nxf6+ Rxf6 21.
Qg4 Bf5 22. Qf4 c6 23. Qc7 Rf7 24. Qd6 Rff8 25. Qe5 Rad8 26. e4 Bg6 27. Rf1 Rfe8
28. b3 Bh5 {Black resigns} 1-0

[Event "Team 45 45 League T46"]
[Site "Internet Chess Club"]
[Date "2010.08.19"]
[Round "3"]
[White "Traho"]
[Black "jjaillet2007"]
[Result "1/2-1/2"]
[WhiteElo "1221"]
[BlackElo "1256"]
[Opening "French: King's Indian attack"]
[ECO "C00"]
[Time "21:00:17"]
[TimeControl "2700+45"]

1. e4 e6 2. d3 d5 3. Nd2 c5 4. Ngf3 Nc6 5. g3 Nf6 6. Bg2 Bd6 7. O-O O-O 8. Re1
e5 9. c3 dxe4 10. Nxe4 Nxe4 11. dxe4 Bg4 12. Qd3 Be7 13. Qc2 f5 14. h3 Bxf3 15.
Bxf3 Qd7 16. exf5 Qxf5 17. Qxf5 Rxf5 18. Bxc6 bxc6 19. Be3 Rb8 20. Rab1 Kf7 21.
g4 Rf6 22. Bg5 Re6 23. Bxe7 Kxe7 24. b3 g5 25. Re4 Kf6 26. Rd1 Rb7 27. b4 cxb4
28. cxb4 h6 29. a3 Ke7 30. Rde1 Kf6 31. Rd1 Ke7 32. Kg2 Rd7 33. Rxd7+ Kxd7 34.
f3 Kd6 35. Kg3 Kd7 36. h4 gxh4+ 37. Kxh4 Kd6 38. g5 hxg5+ 39. Kxg5 Kd5 40. Kf5
Re8 41. Kg4 Rg8+ 42. Kf5 Re8 43. Kg4 c5 44. bxc5 Kxc5 45. Ra4 Re7 46. Re4 Kd5
47. Kf5 Rf7+ 48. Kg4 Rd7 49. Kf5 Rf7+ 50. Kg4 {Game drawn by mutual agreement}
1/2-1/2

[Event "Team 45 45 League T46"]
[Site "Internet Chess Club"]
[Date "2010.08.19"]
[Round "3"]
[White "kabubi"]
[Black "BosqueVerde"]
[Result "1-0"]
[WhiteElo "1163"]
[BlackElo "1153"]
[Opening "Sicilian defense"]
[ECO "B20"]
[Time "23:00:06"]
[TimeControl "2700+45"]

1. e4 c5 2. d3 e5 3. Nf3 Nc6 4. g3 Be7 5. Bg2 d6 6. Nbd2 Nf6 7. O-O Bg4 8. Qe2
O-O 9. c3 Qd7 10. Re1 b5 11. b3 d5 12. Nf1 dxe4 13. dxe4 Rad8 14. Qxb5 h6 15.
Ba3 Rb8 16. Qc4 Be6 17. Qe2 Rfd8 18. Rad1 Qc7 19. Rxd8+ Rxd8 20. c4 Qa5 21. Bb2
Qxa2 22. Nxe5 Nxe5 23. Bxe5 Qxe2 24. Rxe2 Ng4 25. Bf4 a5 26. Bf3 Nf6 27. Ra2 Rd3
28. Nd2 g5 29. Be3 Bd8 30. Bxc5 Bh3 31. Be2 Rc3 32. Ra1 Rc2 33. Bf1 Rxd2 34.
Bxh3 Nxe4 35. Be3 Rc2 36. Bf5 Rb2 37. Bxe4 Rxb3 38. Bd2 Bb6 39. Bxa5 Bd4 40. Rd1
Bc5 41. Bc2 Rb2 42. Rd8+ Bf8 43. Bf5 Rb1+ 44. Bxb1 {Black resigns} 1-0

[Event "Team 45 45 League T46"]
[Site "Internet Chess Club"]
[Date "2010.08.22"]
[Round "3"]
[White "WannaB"]
[Black "Mclintock45"]
[Result "1/2-1/2"]
[WhiteElo "1057"]
[BlackElo "1048"]
[Opening "Giuoco Piano"]
[ECO "C50"]
[Time "10:00:11"]
[TimeControl "2700+45"]

1. e4 e5 2. Nf3 Nc6 3. Bc4 Bc5 4. O-O Qf6 5. d3 h6 6. Nc3 Nd4 7. Nd5 Qd6 8. b3
b5 9. Bxb5 Nxb5 10. c4 Nd4 11. b4 Nxf3+ 12. Qxf3 Bd4 13. Rb1 c6 14. c5 Qe6 15.
Nc7+ Kf8 16. Nxe6+ dxe6 17. Bb2 Bxb2 18. Rxb2 Ba6 19. a4 Rd8 20. Rd2 Nf6 21. Ra1
Rd4 22. b5 cxb5 23. axb5 Bxb5 24. Rxa7 Ra4 25. Rxa4 Bxa4 26. Ra2 Bc6 27. Qf5
exf5 28. Ra6 Bb7 29. Ra7 Bc6 30. exf5 Ng4 31. Rc7 Ba8 32. Rc8+ Ke7 33. Rxh8 Bd5
34. Rb8 Kf6 35. Rd8 Bc6 36. Rd6+ Kxf5 37. Rxc6 Kf4 38. Rc7 e4 39. Rxf7+ Ke5 40.
Rxg7 exd3 41. c6 d2 42. Rd7 Ne3 43. fxe3 Ke4 44. Kf2 h5 45. Rxd2 Kf5 46. c7 Kg4
47. c8=Q+ Kg5 48. Qd8+ Kf5 49. Rd5+ Ke4 50. Rxh5 {Black stalemated} 1/2-1/2

[Event "Team 45 45 League T46"]
[Site "Internet Chess Club"]
[Date "2010.08.22"]
[Round "3"]
[White "RayF"]
[Black "rubo"]
[Result "1-0"]
[WhiteElo "1784"]
[BlackElo "1723"]
[Opening "Benkö gambit accepted"]
[ECO "A58"]
[Time "20:00:18"]
[TimeControl "2700+45"]

1. d4 Nf6 2. c4 c5 3. d5 b5 4. cxb5 a6 5. bxa6 Bxa6 6. Nc3 g6 7. Nf3 Bg7 8. Bf4
d6 9. g3 Nbd7 10. Bg2 O-O 11. O-O Qb6 12. Qd2 Rfb8 13. Rfb1 Qb4 14. Qc2 Ng4 15.
Bg5 Kf8 16. h3 Nge5 17. Nd2 Nc4 18. a3 Qb7 19. b3 Nxd2 20. Qxd2 Nb6 21. Bh6 Qc7
22. Bxg7+ Kxg7 23. e4 f6 24. Ne2 Bxe2 25. Qxe2 Ra7 26. Bf1 Rab7 27. Qf3 Nd7 28.
Qc3 Kf7 29. Kg2 Nb6 30. Be2 Na4 31. Qd3 Nb6 32. b4 cxb4 33. axb4 Nd7 34. Qd2 Nc5
35. Qd4 Nd7 36. Rc1 Qb6 37. Qxb6 Rxb6 38. Ra7 R6b7 39. Rc7 Rxa7 40. Rxa7 Ke8 41.
b5 Nc5 42. Kf3 Nb3 43. Ke3 Kf7 44. h4 Nc5 45. f4 Nb3 46. Bc4 Nc5 47. e5 fxe5 48.
fxe5 Rb7 49. Rxb7 Nxb7 50. e6+ Kf6 51. Kf4 h5 52. b6 Nc5 53. Bb5 Kg7 54. Bc6 Na6
55. Kg5 Kh7 56. b7 Kg7 57. Be8 Nc5 58. b8=Q Ne4+ 59. Kf4 Nf6 60. Qd8 Nxd5+ 61.
Kg5 Nf6 62. Qxe7+ {Black resigns} 1-0

[Event "Team 45 45 League T46"]
[Site "Internet Chess Club"]
[Date "2010.08.21"]
[Round "3"]
[White "Portola"]
[Black "Tamarin"]
[Result "0-1"]
[WhiteElo "1883"]
[BlackElo "1823"]
[Opening "Giuoco Pianissimo: Italian four knights variation"]
[ECO "C47"]
[Time "21:15:19"]
[TimeControl "2700+45"]

1. e4 e5 2. Nc3 Nc6 3. Nf3 Nf6 4. Bc4 Bc5 5. d3 d6 6. h3 h6 7. Na4 Bb6 8. Nxb6
axb6 9. a3 Be6 10. Bxe6 fxe6 11. Be3 O-O 12. O-O Qd7 13. Qe2 Qf7 14. Nh2 Nd4 15.
Bxd4 exd4 16. e5 Ne8 17. f4 Ra5 18. b4 Ra7 19. Qg4 c5 20. bxc5 bxc5 21. g3 Qf5
22. Qxf5 Rxf5 23. g4 Rf7 24. Kg2 dxe5 25. fxe5 Rxf1 26. Nxf1 Nc7 27. Ng3 Nd5 28.
Ra2 Nb4 29. Rb2 Rxa3 30. Ne4 b6 31. Nd6 Ra2 32. Rxa2 Nxa2 33. Nb5 Nb4 34. Na3
Kf7 35. h4 Kg6 36. Kf3 Nd5 37. Nb5 h5 38. Na3 hxg4+ 39. Kxg4 Ne3+ 40. Kh3 Kf5
41. Kg3 Kxe5 42. h5 Kf5 43. Kh4 Ng2+ 44. Kg3 Nf4 45. Kh4 g5+ 46. hxg6 Kxg6 47.
Kg4 Nd5 48. Kg3 Nb4 49. Kf4 Kf6 50. Ke4 Ke7 51. Ke5 Nc6+ 52. Ke4 Kd7 53. Nb5 Kc8
54. Kf3 Kb7 55. Ke4 Ka6 56. Nc7+ Ka5 57. Nxe6 Nb4 58. Nf4 Nxc2 59. Kd5 Kb5 60.
Ne2 Ne3+ 61. Ke4 Ka4 62. Ke5 b5 63. Kd6 Kb4 64. Kc6 Ng2 65. Kd5 Ne1 66. Nf4 Kc3
67. Ne6 Nxd3 68. Nc7 Kb4 69. Ke4 Nb2 70. Nd5+ Kb3 71. Nf4 d3 72. Ke3 Kc2 {White
resigns} 0-1

[Event "Team 45 45 League T46"]
[Site "Internet Chess Club"]
[Date "2010.08.23"]
[Round "3"]
[White "BraafPaard"]
[Black "g8wrb"]
[Result "0-1"]
[WhiteElo "1566"]
[BlackElo "1458"]
[Opening "French: advance, Milner-Barry gambit"]
[ECO "C02"]
[Time "14:02:37"]
[TimeControl "2700+45"]

1. e4 e6 2. d4 d5 3. e5 c5 4. c3 Nc6 5. Nf3 Qb6 6. Bd3 cxd4 7. cxd4 Nge7 8. O-O
Ng6 9. a3 Bd7 10. Bc2 Be7 11. Nc3 O-O 12. b4 Rac8 13. Na4 Qc7 14. Nc5 Nb8 15.
Nxd7 Nxd7 16. Bb3 Qc3 17. Bd2 Qd3 18. Re1 Nh4 19. Nxh4 Bxh4 20. Be3 Rc3 21. Qxd3
Rxd3 22. Bd1 Rc8 23. Be2 Rdc3 24. Rec1 Nb6 25. g3 Be7 26. Bd1 Nd7 27. Bd2 R3c4
28. Rxc4 Rxc4 29. Be3 Rc3 30. Kg2 Nb6 31. Bd2 Rd3 32. Be3 Nc4 33. Rc1 Rxa3 34.
Be2 b5 35. Bxc4 bxc4 36. b5 {White resigns} 0-1

[Event "Team 45 45 League T46"]
[Site "Internet Chess Club"]
[Date "2010.08.22"]
[Round "3"]
[White "AtomicDog"]
[Black "MateIn42"]
[Result "0-1"]
[WhiteElo "1521"]
[BlackElo "1454"]
[Opening "Sicilian: Taimanov variation"]
[ECO "B46"]
[Time "09:14:42"]
[TimeControl "2700+45"]

1. e4 c5 2. Nf3 e6 3. d4 cxd4 4. Nxd4 Nc6 5. Nc3 a6 6. g3 b5 7. Nxc6 dxc6 8.
Qxd8+ Kxd8 9. Bg2 e5 10. Be3 Kc7 11. O-O Be6 12. Rad1 Bb4 13. f4 f6 14. a3 Ba5
15. fxe5 fxe5 16. Kh1 Nf6 17. Bc5 Rad8 18. b4 Bb6 19. Be7 Rxd1 20. Rxd1 Bd4 21.
Ne2 Bg4 22. Bf1 Nxe4 23. Kg2 Nc3 24. Nxc3 Bxd1 25. Nxd1 Kd7 26. Bg5 Rf8 27. c3
Bb6 28. Be3 Bc7 29. Bd3 h6 30. Be4 a5 31. Nf2 axb4 32. cxb4 Ra8 33. Bc1 Bd8 34.
Bb2 Kd6 35. Nd3 Bf6 36. Nc5 Re8 37. Nb7+ Kc7 38. Nc5 Kd6 39. Bg6 Re7 40. Ne4+
Kd7 41. Nc5+ Kd6 42. Kf3 e4+ 43. Nxe4+ Rxe4 44. Bxf6 Re6 {White resigns} 0-1

[Event "Team 45 45 League T46"]
[Site "Internet Chess Club"]
[Date "2010.08.21"]
[Round "3"]
[White "Signalman"]
[Black "xt"]
[Result "0-1"]
[WhiteElo "1566"]
[BlackElo "1608"]
[Opening "Sicilian: Taimanov variation"]
[ECO "B45"]
[Time "13:15:55"]
[TimeControl "2700+45"]

1. e4 c5 2. Nf3 Nc6 3. d4 cxd4 4. Nxd4 e6 5. Nc3 d6 6. f4 a6 7. Be3 Be7 8. Be2
Nf6 9. O-O O-O 10. a4 Qc7 11. Qe1 Rd8 12. Rd1 Nxd4 13. Rxd4 e5 14. Rc4 Qd7 15.
Bb6 Rf8 16. Rc7 Qe8 17. h3 Bd8 18. Bd3 Bxc7 19. Bxc7 Qc6 20. Ba5 Qc5+ 21. Kh1
Qxa5 22. f5 Bd7 23. b3 Rac8 24. Nd5 Qxe1 25. Ne7+ Kh8 26. Rxe1 Rce8 27. Nd5 Nxd5
28. exd5 g6 29. f6 Bf5 30. Re3 Rc8 31. c4 Bxd3 32. Rxd3 Rfe8 33. Re3 e4 34. g4
g5 35. Kg2 b5 36. Kf2 bxc4 37. b4 c3 38. Re1 c2 39. Rc1 Rc3 40. Ke2 Rxh3 41. b5
axb5 42. axb5 Rb8 43. Kd2 Rxb5 {White resigns} 0-1

[Event "Team 45 45 League T46"]
[Site "Internet Chess Club"]
[Date "2010.08.22"]
[Round "3"]
[White "mongmong"]
[Black "werty"]
[Result "0-1"]
[WhiteElo "1452"]
[BlackElo "1540"]
[Opening "King's Indian: East Indian defense"]
[ECO "A48"]
[Time "14:31:12"]
[TimeControl "2700+45"]

1. d4 Nf6 2. Nf3 g6 3. e3 Bg7 4. c4 c5 5. a3 cxd4 6. exd4 O-O 7. b4 d5 8. Nc3
dxc4 9. Bxc4 Bg4 10. h3 Bxf3 11. gxf3 {White resigns} 0-1

[Event "Team 45 45 League T46"]
[Site "Internet Chess Club"]
[Date "2010.08.20"]
[Round "3"]
[White "rahulr"]
[Black "CKNIGHT3"]
[Result "1-0"]
[WhiteElo "1436"]
[BlackElo "1467"]
[Opening "Réti: King's Indian attack (Barcza system)"]
[ECO "A07"]
[Time "12:30:18"]
[TimeControl "2700+45"]

1. Nf3 d5 2. g3 Nf6 3. Bg2 c5 4. O-O Nc6 5. d4 Bg4 6. Bf4 e6 7. c3 Qb6 8. Qc2
cxd4 9. Nxd4 Nxd4 10. cxd4 Qxd4 11. Rd1 Qb6 12. Be5 Bf5 13. Qd2 Bb4 14. Nc3 Nd7
15. Bxg7 Rg8 16. Bd4 Qd6 17. a3 Ba5 18. Qe3 a6 19. Nxd5 Kd8 20. Bf6+ Kc8 21.
Ne7+ Kb8 22. Rxd6 Nxf6 23. Qb3 Kc7 24. Rad1 Rge8 25. Qxb7# {Black checkmated}
1-0

[Event "Team 45 45 League T46"]
[Site "Internet Chess Club"]
[Date "2010.08.21"]
[Round "3"]
[White "Toalla"]
[Black "supraholic"]
[Result "0-1"]
[WhiteElo "1163"]
[BlackElo "1280"]
[Opening "Sicilian defense"]
[ECO "B33"]
[Time "13:43:12"]
[TimeControl "2700+45"]

1. e4 c5 2. Nf3 Nc6 3. d4 cxd4 4. Nxd4 Nf6 5. Nxc6 bxc6 6. Bd3 e5 7. O-O Bc5 8.
Nd2 O-O 9. Nf3 d6 10. h3 Be6 11. Bg5 h6 12. Bd2 Rb8 13. b3 Qb6 14. Qe2 Nh5 15.
Nxe5 Ng3 16. Qf3 Nxf1 17. Rxf1 dxe5 18. Be3 Bxe3 19. Qxe3 Qxe3 20. fxe3 {White
resigns} 0-1

[Event "Team 45 45 League T46"]
[Site "Internet Chess Club"]
[Date "2010.08.23"]
[Round "3"]
[White "otib2006"]
[Black "ffplayer"]
[Result "1-0"]
[WhiteElo "1346"]
[BlackElo "1062"]
[Opening "Queen's pawn game"]
[ECO "D02"]
[Time "15:00:30"]
[TimeControl "2700+45"]

1. d4 d5 2. Nf3 Bg4 3. e3 c5 4. Be2 Nf6 5. Nbd2 e6 6. b3 Bd6 7. Ne5 Bxe2 8. Qxe2
Qc7 9. Nef3 Nc6 10. Bb2 O-O 11. dxc5 Be7 12. O-O e5 13. c4 e4 14. Nd4 Nxd4 15.
exd4 Qc6 16. b4 Qd7 17. f3 Rfe8 18. fxe4 Nxe4 19. Nxe4 dxe4 20. d5 Bd8 21. Qe3
f6 22. a4 Qf7 23. a5 Bc7 24. d6 Bd8 25. Rac1 Qg6 26. Bc3 f5 27. b5 Bf6 28. c6
Bg5 29. Qg3 Bxc1 30. Qxg6 Be3+ 31. Kh1 hxg6 32. c7 Rec8 33. Be5 Bg5 34. d7 Rxc7
35. Bxc7 Bd8 36. Bxd8 Rxd8 37. Rc1 Rxd7 38. c5 Re7 39. Kg1 Kf7 40. c6 bxc6 41.
bxc6 Rc7 42. Kf2 Ke6 43. Rb1 Rxc6 44. Rb7 a6 45. Rxg7 Kf6 46. Rb7 Rc2+ 47. Ke3
Ra2 48. Rb6+ Kg5 49. Rxa6 Ra4 50. g3 Kh5 51. Ra8 Kg5 52. a6 Kg4 53. a7 Ra3+ 54.
Kd4 e3 55. Re8 Rxa7 56. Rxe3 Ra4+ 57. Ke5 Re4+ 58. Rxe4+ fxe4 59. Kxe4 g5 60.
Ke5 Kh3 61. Kf5 g4 62. Kf4 Kxh2 63. Kxg4 Kg2 64. Kh4 Kf3 65. g4 Kf4 66. Kh5 Kg3
67. g5 {Black resigns} 1-0

[Event "Team 45 45 League T46"]
[Site "Internet Chess Club"]
[Date "2010.08.21"]
[Round "3"]
[White "Newcastler"]
[Black "PsyMar"]
[Result "1-0"]
[WhiteElo "1307"]
[BlackElo "1202"]
[Opening "Queen's gambit declined"]
[ECO "D30"]
[Time "14:00:25"]
[TimeControl "2700+45"]

1. d4 d5 2. c4 e6 3. Nf3 Nf6 4. g3 Nbd7 5. Bg2 c6 6. O-O dxc4 7. a4 b5 8. axb5
cxb5 9. Bg5 Be7 10. Ne5 O-O 11. Bxa8 Nxe5 12. dxe5 Nd5 13. Bxe7 Qxe7 14. Nc3
Nxc3 15. bxc3 f6 16. exf6 Qxf6 17. Qc2 e5 18. Rxa7 Bh3 19. Bg2 Bxg2 20. Kxg2
Qc6+ 21. Kg1 Qc5 22. Qa2 e4 23. Ra8 e3 24. Rxf8+ Kxf8 25. fxe3+ Ke7 26. Qd2
{Black resigns} 1-0

[Event "Team 45 45 League T46"]
[Site "Internet Chess Club"]
[Date "2010.08.23"]
[Round "3"]
[White "NewfieKnight"]
[Black "carolinaknight"]
[Result "1-0"]
[WhiteElo "986"]
[BlackElo "1252"]
[Opening "Nimzo-Indian: three knights variation"]
[ECO "E21"]
[Time "20:06:16"]
[TimeControl "2700+45"]

1. d4 e6 2. c4 Nf6 3. Nc3 Bb4 4. Nf3 Ne4 5. Bd2 Nxd2 6. Qxd2 O-O 7. e3 b6 8. a3
Be7 9. Bd3 c6 10. Qc2 g6 11. b4 Bb7 12. d5 cxd5 13. cxd5 Bf6 14. dxe6 dxe6 15.
Rd1 Nd7 16. Be4 Bxe4 17. Nxe4 Rc8 18. Nxf6+ Qxf6 19. Qd2 Rfd8 20. O-O Nc5 21.
Qe2 Ne4 22. Rxd8+ Rxd8 23. Qc2 Qc3 24. Qxe4 Qxa3 25. Qh4 Rd7 26. Ne5 Rc7 27.
Qd8+ {Black resigns} 1-0

[Event "Team 45 45 League T46"]
[Site "Internet Chess Club"]
[Date "2010.08.20"]
[Round "3"]
[White "Just-Jim"]
[Black "MateIn42"]
[Result "1/2-1/2"]
[WhiteElo "1301"]
[BlackElo "1433"]
[Opening "Two knights defense (Modern bishop's opening)"]
[ECO "C55"]
[Time "19:30:27"]
[TimeControl "2700+45"]

1. e4 e5 2. Nf3 Nc6 3. Bc4 Nf6 4. d3 Be7 5. Nc3 d6 6. h3 O-O 7. O-O Bd7 8. Nh2
Nd4 9. Nd5 Nxd5 10. Bxd5 c6 11. Bc4 b5 12. Bb3 Nxb3 13. axb3 Bg5 14. f4 Bxf4 15.
Bxf4 exf4 16. Rxf4 Qg5 17. Qf3 Bxh3 18. Rf1 Be6 19. c4 bxc4 20. bxc4 f6 21. Ng4
Bxg4 22. Rxg4 Qc5+ 23. Kh2 Qh5+ 24. Kg1 g6 25. Qf5 Qxf5 26. exf5 g5 27. Re1 Rae8
28. Ree4 h5 29. Rg3 Rxe4 30. dxe4 Re8 31. Rd3 Rxe4 32. Rxd6 Rxc4 33. Rxf6 Kg7
34. Rg6+ Kf7 35. Rxg5 h4 36. Rh5 Kf6 37. Kh2 a5 38. Kh3 Rf4 39. Rxh4 Rxh4+ 40.
Kxh4 Kxf5 41. g4+ Kg6 42. Kg3 Kg5 43. Kf3 a4 44. Ke4 Kxg4 45. Kd4 Kf4 46. Kc5
Ke4 47. Kxc6 Kd3 48. Kb5 Kc2 49. Kxa4 Kxb2 {Game drawn because neither player
has mating material} 1/2-1/2

[Event "Team 45 45 League T46"]
[Site "Internet Chess Club"]
[Date "2010.08.20"]
[Round "3"]
[White "The-Capitalist"]
[Black "rgadoury"]
[Result "1/2-1/2"]
[WhiteElo "1411"]
[BlackElo "1305"]
[Opening "Hungarian defense"]
[ECO "C50"]
[Time "21:02:31"]
[TimeControl "2700+45"]

1. e4 e5 2. Nf3 Nc6 3. Bc4 Be7 4. d4 Nxd4 5. Nxd4 exd4 6. Qxd4 Bf6 7. Qd5 Qe7 8.
O-O c6 9. Qd3 Be5 10. f4 Bc7 11. Nc3 b5 12. Bb3 d6 13. Bd2 Nf6 14. e5 dxe5 15.
Rae1 O-O 16. fxe5 Ng4 17. Bf4 Bb6+ 18. Be3 Bxe3+ 19. Rxe3 Nxe3 20. Qxe3 a5 21.
a4 b4 22. Nd1 Qa7 23. Qxa7 Rxa7 24. c3 c5 25. cxb4 cxb4 26. Ne3 Re7 27. Nc4 Be6
28. Re1 Bxc4 29. Bxc4 Rc8 30. b3 Rc5 31. e6 f6 32. g4 h5 33. gxh5 Rxh5 34. Rd1
Kf8 35. Rd8+ Re8 36. Rd7 Re7 37. Rd8+ Re8 38. Rd7 Re7 {Game drawn by mutual
agreement} 1/2-1/2

[Event "Team 45 45 League T46"]
[Site "Internet Chess Club"]
[Date "2010.08.28"]
[Round "3"]
[White "chadivision"]
[Black "bowwrestler"]
[Result "0-1"]
[WhiteElo "1089"]
[BlackElo "1152"]
[Opening "Scandinavian: Pytel-Wade variation"]
[ECO "B01"]
[Time "14:00:05"]
[TimeControl "2700+45"]

1. e4 d5 2. exd5 Qxd5 3. Nc3 Qd6 4. Nf3 Nf6 5. Bc4 a6 6. d4 b5 7. Bd3 Bb7 8. Be3
e6 9. h3 Nbd7 10. O-O Be7 11. a3 O-O 12. Re1 Rac8 13. b4 Nd5 14. Bxh7+ Kxh7 15.
Ne4 Qc6 16. Nfg5+ Bxg5 17. Qh5+ Bh6 18. Bxh6 gxh6 19. Ng5+ Kg7 20. Nf3 Qxc2 21.
Ne5 N5f6 22. Qf3 Bxf3 {White resigns} 0-1

[Event "Team 45 45 League T46"]
[Site "Internet Chess Club"]
[Date "2010.08.21"]
[Round "3"]
[White "KidRattler"]
[Black "oldbookseller"]
[Result "1-0"]
[WhiteElo "1076"]
[BlackElo "985"]
[Opening "Robatsch (modern) defense"]
[ECO "B06"]
[Time "10:03:58"]
[TimeControl "2700+45"]

1. e4 g6 2. Nc3 Bg7 3. Nf3 c5 4. Bc4 e6 5. d4 b6 6. Bg5 Qc7 7. Qd2 Nc6 8. d5 Ne5
9. Nxe5 Qxe5 10. O-O-O Nf6 11. dxe6 O-O 12. exf7+ Kh8 13. Bxf6 Qxf6 14. f3 Qc6
15. Bb5 Qb7 16. Bxd7 Bxd7 17. Qxd7 Qa6 18. Qd3 c4 19. Qe3 b5 20. Rd4 b4 21. Nd1
Qxa2 22. Kd2 c3+ 23. bxc3 bxc3+ 24. Qxc3 Bh6+ 25. Kd3 Qa6+ 26. Rc4+ Bg7 27. Qb3
Rad8+ 28. Ke2 Rxf7 29. Kf2 Qd6 30. Qd3 Qb6+ 31. Qe3 Qb2 32. h3 Qf6 33. Qc3 Qh4+
34. g3 Qh5 35. Qe3 Rdf8 36. f4 g5 37. Qf3 g4 38. Qxg4 Bd4+ 39. Rxd4 Qc5 40. c3
Qa5 41. Qg5 Qa2+ 42. Ke3 Qc2 43. Qe5+ Kg8 44. Rd2 Qc1 45. Nf2 Rc8 46. Rxc1 a6
47. Rcd1 Ra8 48. Rd8+ {Black resigns} 1-0

[Event "Team 45 45 League T46"]
[Site "Internet Chess Club"]
[Date "2010.08.23"]
[Round "3"]
[White "parrot9"]
[Black "subterfuge"]
[Result "0-1"]
[WhiteElo "1634"]
[BlackElo "1747"]
[Opening "Caro-Kann: Steinitz variation"]
[ECO "B17"]
[Time "16:00:12"]
[TimeControl "2700+45"]

1. e4 c6 2. d4 d5 3. Nc3 dxe4 4. Nxe4 Nd7 5. Nf3 Ngf6 6. Bd3 Nxe4 7. Bxe4 Nf6 8.
Bd3 Bg4 9. c3 e6 10. O-O Bd6 11. h3 Bh5 12. Re1 Qc7 13. c4 O-O-O 14. Be3 Bf4 15.
b4 g5 16. g4 Nxg4 17. hxg4 Bxg4 18. b5 c5 19. b6 axb6 20. Be2 Bxe3 21. fxe3 Qg3+
22. Kh1 Bf5 23. Rg1 Qh3+ 24. Nh2 Qxe3 25. d5 exd5 26. Bg4 Qe4+ 27. Rg2 dxc4 28.
Bxf5+ Qxf5 29. Qe2 c3 30. Rf1 Qd5 31. Qg4+ Rd7 32. Nf3 h6 33. Kh2 f5 34. Qa4
Rhd8 35. Rgg1 Qe4 36. Qb5 Rd2+ 37. Nxd2 Qh4+ 38. Kg2 Rxd2+ {White resigns} 0-1

[Event "Team 45 45 League T46"]
[Site "Internet Chess Club"]
[Date "2010.08.20"]
[Round "3"]
[White "Warpdrive"]
[Black "Invicta-Knight"]
[Result "1-0"]
[WhiteElo "1643"]
[BlackElo "1588"]
[Opening "Scandinavian (center counter) defense"]
[ECO "B01"]
[Time "16:06:44"]
[TimeControl "2700+45"]

1. e4 d5 2. exd5 Qxd5 3. Nc3 Qa5 4. d4 c6 5. Nf3 Bf5 6. Bd3 Nd7 7. b4 Qxb4 8.
Bxf5 Qxc3+ 9. Bd2 Qc4 10. Bxd7+ Kd8 11. Ne5 Qd5 12. Qf3 Qxd4 13. Ba5+ b6 14.
Nxc6+ {Black resigns} 1-0

[Event "Team 45 45 League T46"]
[Site "Internet Chess Club"]
[Date "2010.08.22"]
[Round "3"]
[White "ElmerHo"]
[Black "Xanther"]
[Result "1-0"]
[WhiteElo "1592"]
[BlackElo "1497"]
[Opening "French: Rubinstein variation"]
[ECO "C10"]
[Time "23:09:23"]
[TimeControl "2700+45"]

1. e4 e6 2. d4 d5 3. Nc3 dxe4 4. Nxe4 Nc6 5. Nf3 Be7 6. c3 Nf6 7. Bd3 Bd7 8. O-O
O-O 9. Qc2 Nxe4 10. Bxe4 f5 11. Bd3 g5 12. h3 Bd6 13. Bxg5 Qe8 14. Rae1 Qh5 15.
Bc1 Rf6 16. Ne5 Bxe5 17. dxe5 Rg6 18. Kh2 Nd8 19. Be2 Qh4 20. g3 Qe7 21. f4 Bc6
22. Bf3 Bb5 23. Rf2 Nf7 24. Bxb7 Rd8 25. Bf3 Bd3 26. Qa4 Qc5 27. Be3 Qf8 28. Rd2
Qg7 29. Bf2 Rh6 30. Qd1 Rxh3+ 31. Kxh3 Qh6+ 32. Kg2 {Black resigns} 1-0

[Event "Team 45 45 League T46"]
[Site "Internet Chess Club"]
[Date "2010.08.24"]
[Round "3"]
[White "joshtournman"]
[Black "boozehound"]
[Result "0-1"]
[WhiteElo "1495"]
[BlackElo "1495"]
[Opening "KP: Nimzovich defense"]
[ECO "B00"]
[Time "10:15:06"]
[TimeControl "2700+45"]

1. e4 Nc6 2. d4 d5 3. e5 Bf5 4. Bd3 Bxd3 5. Qxd3 e6 6. Nf3 a6 7. a3 Nge7 8. O-O
Nf5 9. Bg5 f6 10. exf6 gxf6 11. Bf4 Bd6 12. Bxd6 Qxd6 13. Re1 O-O-O 14. c3 Rhg8
15. g3 Rde8 16. Nbd2 Qf4 17. Kh1 Qg4 18. c4 Ncxd4 19. Nxd4 Nxd4 20. cxd5 exd5
21. Qxh7 f5 22. Qf7 Ref8 23. Qxd5 Nc2 24. f3 Qh3 25. Qe6+ Kb8 26. Qe7 Nxa1 27.
Rxa1 Rh8 28. Qe2 Qxg3 29. Rg1 Qf4 30. Rg7 Re8 31. Qf2 Re1+ 32. Nf1 Rxf1+ {White
resigns} 0-1

[Event "Team 45 45 League T46"]
[Site "Internet Chess Club"]
[Date "2010.08.23"]
[Round "3"]
[White "JeeniousChess"]
[Black "taldeital"]
[Result "0-1"]
[WhiteElo "1682"]
[BlackElo "1514"]
[Opening "QGD Slav: 4.e3 Bf5"]
[ECO "D12"]
[Time "12:00:20"]
[TimeControl "2700+45"]

1. d4 d5 2. c4 c6 3. Nf3 Nf6 4. e3 Bf5 5. Nc3 e6 6. Nh4 Be4 7. f3 Bg6 8. Qb3 Qb6
9. Nxg6 Qxb3 10. axb3 hxg6 11. c5 Nbd7 12. b4 Nh5 13. Kf2 Be7 14. g3 e5 15. b5
Bf6 16. bxc6 bxc6 17. Ne2 Bd8 18. dxe5 Nxe5 19. Nd4 a5 20. b4 Kd7 21. b5 Be7 22.
Ba3 Nf6 23. Rb1 cxb5 24. Bxb5+ Kc7 25. h4 Rhb8 26. Rhc1 a4 27. Rc2 Nc4 28. Bb4
a3 29. Ra1 Ra7 30. Bxc4 Rxb4 31. Nb5+ Rxb5 32. Bxb5 Ra5 33. Bd3 Kc6 34. Rc3 Bxc5
35. Bc2 Kd6 36. Bb3 Ra7 37. Rd1 Rd7 38. g4 Bb4 39. Rcd3 Ke6 40. g5 Nh5 41. Rxd5
Rxd5 42. Rxd5 Ke7 43. Rb5 Bd6 44. Rb7+ Kd8 45. f4 f5 46. Bf7 Kc8 47. Ra7 Nxf4
48. exf4 Bc5+ 49. Ke2 Bxa7 50. Kd2 Kd7 51. Kc2 Bb8 52. Bxg6 Ke6 53. Bh7 Bxf4 54.
Kb3 Bc1 55. Bg8+ Ke5 56. Kc2 Bb2 57. g6 f4 58. h5 Ke4 59. Bc4 Ke3 60. Kd1 Kf2
61. Kd2 f3 62. Kd3 Ke1 63. Kc2 f2 64. Kb3 f1=Q 65. Bxf1 Kxf1 66. Kc2 Kg2 {White
resigns} 0-1

[Event "Team 45 45 League T46"]
[Site "Internet Chess Club"]
[Date "2010.08.19"]
[Round "3"]
[White "LazyPeon"]
[Black "MarkNY"]
[Result "0-1"]
[WhiteElo "1631"]
[BlackElo "1831"]
[Opening "Grünfeld with e3 & Bd3"]
[ECO "D94"]
[Time "16:30:18"]
[TimeControl "2700+45"]

1. d4 Nf6 2. c4 g6 3. Nf3 Bg7 4. Nc3 d5 5. e3 O-O 6. Bd3 Nc6 7. a3 Bg4 8. O-O e5
9. dxe5 Nxe5 10. cxd5 Nxf3+ 11. gxf3 Bh3 12. Re1 Nxd5 13. Bd2 Qg5+ {White
resigns} 0-1

[Event "Team 45 45 League T46"]
[Site "Internet Chess Club"]
[Date "2010.08.22"]
[Round "3"]
[White "vollmerj"]
[Black "smsxman"]
[Result "1-0"]
[WhiteElo "1724"]
[BlackElo "1505"]
[Opening "Hungarian defense"]
[ECO "C50"]
[Time "12:55:17"]
[TimeControl "2700+45"]

1. e4 e5 2. Nf3 Nc6 3. Bc4 Be7 4. O-O Nf6 5. Re1 O-O 6. c3 d6 7. h3 Na5 8. Bf1
b6 9. d4 exd4 10. cxd4 Bb7 11. d5 Bc8 12. Nc3 Nb7 13. Nd4 Bd7 14. Bb5 a6 15. Bc6
Rb8 16. Bxd7 Qxd7 17. Nc6 Rbe8 18. Qe2 Nc5 19. b4 Nxd5 20. Nxe7+ Rxe7 21. Nxd5
Rxe4 22. Qd1 Rxe1+ 23. Qxe1 Re8 24. Be3 Nd3 25. Qf1 Ne5 26. Rc1 c6 27. Nxb6 Qb7
28. a3 Nd7 29. Nxd7 Qxd7 30. Qxa6 c5 31. bxc5 dxc5 32. Bxc5 h6 33. Bb4 Re6 34.
Qc8+ Qxc8 35. Rxc8+ Kh7 36. Rc7 f6 37. Bf8 Ra6 38. Rxg7+ Kh8 39. Rc7 Kg8 40. Bb4
Re6 41. g3 Re2 42. Kg2 f5 43. Re7 Rxe7 44. Bxe7 Kf7 45. Bb4 Ke6 46. Kf3 h5 47.
Kf4 {Black resigns} 1-0